AoeStats
← Mbapone

Arabia

507964891Analyzed
4v4 RM · 11d ago on Sep 20, 2026· 49m 29s· 8 players
Game mode
Random Map
Map size
Large (8 player)
Population
200
Speed
Normal
Resources
Standard
Victory
Conquest
Starting age
Dark Age
Ending age
Imperial Age
RankedLock teamsTeams togetherTeam positionsShared explorationLock speedFull tech treeHidden civsTurbo modeCheats
Victory
Defeat
🇨🇳 Saracens · China
1204
+15
🇨🇳 Khitans · China
1175
+16
🇮🇳 Aztecs · India
1134
+17
🇨🇳 Magyars · China
1075
+20
🇪🇸 Celts · Spain
1195
-18
🇹🇷 Franks · Türkiye
1186
-18
🇫🇮 Goths · Finland
1152
-16
🇫🇮 Ethiopians · Finland
1133
-16
WihtoriKosola
16:15 Feudal Age
15:31 Loom
16:51 Double-Bit Axe
17:59 Horse Collar
27:25 Castle Age
28:22 Wheelbarrow
28:15 Stone Mining
29:05 Bow Saw
30:09 Wheelbarrow
33:36 Heavy Plow
36:11 Scale Mail Armor
36:22 Forging
35:38 Pikeman
36:26 Squires
38:32 Iron Casting
38:13 Chain Mail Armor
40:08 Hand Cart
44:26 Imperial Age
46:09 Blast Furnace
45:50 Conscription
45:16 Halberdier
47:08 Perfusion
n13s
5:30 Loom
9:25 Feudal Age
10:54 Double-Bit Axe
11:44 Man-at-Arms
12:40 Arson
19:17 Wheelbarrow
18:40 Horse Collar
22:54 Castle Age
21:55 Forging
22:02 Scale Mail Armor
23:01 Long Swordsman
23:29 Gambesons
24:02 Chain Mail Armor
28:21 Town Watch
28:59 Bow Saw
36:48 Hand Cart
46:07 Imperial Age
48:07 Conscription
Barka
0:27 Loom
12:17 Feudal Age
16:15 Castle Age
14:42 Double-Bit Axe
16:00 Wheelbarrow
18:07 Bow Saw
26:08 Hand Cart
26:49 Town Watch
28:25 Gold Mining
32:04 Imperial Age
29:47 Fletching
30:19 Ballistics
30:04 Stone Mining
30:50 Gold Shaft Mining
30:44 Husbandry
32:29 Scale Barding Armor
32:34 Forging
33:13 Conscription
32:58 Cavalier
34:06 Paladin
36:18 Chain Barding Armor
39:06 Murder Holes
39:36 Pikeman
40:17 Squires
40:05 Arson
41:11 Iron Casting
42:36 Scale Mail Armor
43:42 Hoardings
44:02 Chain Mail Armor
47:14 Plate Mail Armor
47:41 Halberdier
Mbapone
7:32 Loom
9:54 Feudal Age
13:29 Fletching
14:20 Padded Archer Armor
24:05 Castle Age
24:41 Bodkin Arrow
24:08 Crossbowman
24:53 Thumb Ring
24:40 Double-Bit Axe
26:58 Ballistics
RiGhT
9:00 Loom
11:33 Feudal Age
17:20 Castle Age
15:32 Arson
16:23 Scale Mail Armor
16:17 Double-Bit Axe
18:19 Forging
20:53 Eagle Warrior
21:40 Squires
23:16 Chain Mail Armor
25:18 Bow Saw
27:44 Fletching
28:59 Bodkin Arrow
28:37 Crossbowman
34:25 Wheelbarrow
36:38 Gold Mining
36:50 Stone Mining
40:43 Ballistics
40:05 Treadmill Crane
46:05 Imperial Age
44:20 Gold Shaft Mining
44:49 Town Watch
w
11:23 Feudal Age
12:46 Double-Bit Axe
12:56 Loom
16:31 Horse Collar
22:10 Castle Age
24:07 Stone Mining
24:08 Gold Mining
24:32 Bow Saw
24:28 Husbandry
28:59 Thumb Ring
30:38 Bloodlines
32:28 Gold Shaft Mining
48:05 Wheelbarrow
49:40 Hand Cart
orange
7:22 Loom
10:26 Feudal Age
16:25 Castle Age
15:00 Double-Bit Axe
18:18 Bow Saw
25:01 Gold Mining
28:02 Domestication
30:57 Imperial Age
29:02 Wheelbarrow
30:02 Forging
29:58 Scale Barding Armor
31:24 Iron Casting
30:52 Husbandry
30:15 Light Cavalry
31:06 Elite Steppe Lancer
31:08 Hussar
32:10 Conscription
32:23 Ordo Cavalry
33:13 Chain Barding Armor
35:06 Plate Barding Armor
run
6:56 Loom
9:31 Feudal Age
13:11 Double-Bit Axe
13:52 Horse Collar
15:36 Fletching
18:24 Padded Archer Armor
24:22 Castle Age
24:02 Gold Mining
24:42 Scale Barding Armor
24:48 Forging
25:15 Bloodlines
25:42 Husbandry
26:12 Chain Barding Armor
27:49 Wheelbarrow
27:00 Town Watch
33:17 Bow Saw
33:18 Heavy Plow
35:03 Hand Cart
40:34 Imperial Age
38:26 Ballistics
37:47 Treadmill Crane
38:03 Murder Holes
38:37 Masonry
39:06 Iron Casting
38:30 Bodkin Arrow
39:13 Gold Shaft Mining
38:29 Stone Mining
41:01 Elite Mameluke
42:02 Conscription
44:55 Plate Barding Armor
45:21 Blast Furnace
44:22 Bracer
45:25 Chemistry
44:31 Siege Engineers
45:33 Two-Man Saw
46:10 Town Patrol
Connection lost

Rejoining the realm…

Still unreachable

The connection could not be restored.

Session expired

The server has moved on; the page needs a fresh start.